 Dungeon Crawl Stone Soup version 0.28.0-47-ge53b351184 (webtiles) character file.

Game seed: 354336658810299672

200 firemarshallily the Magician (level 6, -7/40 HPs)
             Began as a Djinni Summoner on Apr 29, 2022.
             Was a Follower of the Shining One.
             Mangled by Sigmund
             ... wielding a +0 scythe
              (10 damage)
             ... on level 2 of the Dungeon.
             The game lasted 00:14:16 (3314 turns).

firemarshallily the Magician (Djinni Summoner)      Turns: 3314, Time: 00:14:17

Health: -7/40      AC:  3    Str:  7    XL:     6   Next: 7%
Gold:   64         EV: 12    Int: 19    God:    the Shining One [*.....] SH:  0 Dex: 13

rFire   + + .      SeeInvis .   j - +0 rapier (flame)
rCold   x . .      Faith    .   (no shield)
rNeg    . . .      Spirit   .   a - +0 robe
rPois   ∞          Reflect  .   n - +0 helmet
rElec   .          Harm     .   (no cloak)
rCorr   .          Rampage  .   (no gloves)
Will    .....                   (boots unavailable)
Stlth   +.........              (no amulet)
HPRegen 0.13/turn               (no ring)
MPRegen 0.00/turn               (no ring)

@: confused, flying, glowing
A: sickness immunity, fire resistance 2, cold vulnerability 1, float, innate
caster, HP casting, extra vitality 1
a: Renounce Religion, Divine Shield


You were on level 2 of the Dungeon.
You worshipped the Shining One.
The Shining One was aware of your devotion.
You visited 1 branch of the dungeon, and saw 2 of its levels.

You collected 64 gold pieces.

Inventory:

Hand Weapons
 j - a +0 rapier of flaming (weapon)
Missiles
 e - 32 stones
Armour
 a - a +0 robe (worn)
 b - a +0 ring mail
 n - a +0 helmet (worn)
Wands
 k - a wand of flame (5)
Scrolls
 d - a scroll of blinking
 f - 2 scrolls of brand weapon
Potions
 c - a potion of curing
 l - 2 potions of mutation {unknown}


   Skills:
 + Level 2.8 Armour
 - Level 2.1 Dodging
 - Level 1.5 Stealth
 * Level 4.8 Spellcasting


You couldn't memorise any spells.
You knew the following spells:

 Your Spells              Type           Power      Damage    Failure   Level
a - Summon Small Mammal   Summ           88%        N/A       1%          1
b - Call Imp              Summ           22%        N/A       2%          2
c - Call Canine Familiar  Summ           22%        N/A       5%          3
d - Summon Guardian Gole  Hex/Summ       22%        N/A       5%          3
e - Summon Lightning Spi  Summ/Air       22%        N/A       17%         4
f - Magic Dart            Conj           88%        1d7       1%          1
g - Passwall              Tmut/Erth      18%        N/A       2%          2
Your spell library was empty.

Dungeon Overview and Level Annotations

Branches:
Dungeon (2/15)

Altars:
The Shining One

Annotations:
D:2 Sigmund


Innate Abilities, Weirdness & Mutations

You are immune to sickness and miasma.
You are immune to poison.
Your flesh is very heat resistant. (rF++)
You are vulnerable to cold. (rC-)
You float through the air rather than walking.
You learn spells naturally, not from books.
Your magical power is your life essence.
You have superior vitality. (+4 MHP)


Message History

Something hits your guardian golem.
Your hound bites something.
Your hound bites something but does no damage.
Your hound bites something.
A puff of flame appears from out of thin air!
The puff of flame hits your guardian golem.
Your guardian golem completely resists.
What are your orders? t - Shout!
Orders for allies: a - Attack new target. r - Retreat! s - Stop attacking. g - Guard the area. f - Follow me.
Anything else - Cancel.
Guard this area!
Your hound bites something.
Your hound barely misses something.
Something barely misses your hound.
Your hound disappears in a puff of smoke!
Something closely misses your quokka.
Your quokka closely misses something.
Something closely misses your quokka.
Your quokka bites something.
Sigmund appears from thin air!
Reactivating autopickup.
Sigmund barely misses something.
Sigmund gestures wildly while chanting.
Sigmund flickers and vanishes!
Deactivating autopickup; reactivate with Ctrl-A.
You swap places.
Your guardian golem disappears in a puff of smoke!
You see here 4 large rocks.
Something hits you!
* * * LOW HITPOINT WARNING * * *
You are confused.
You bump into the rock wall.
A puff of flame appears from out of thin air!
The puff of flame hits you. You resist. The Shining One protects you from harm!
You bump into the rock wall.
You hear some strange, mumbled words.
You are more confused.
You bump into the rock wall.
Something hits you!
You die...

#.#...#.#.#####.#.######
#.............#.........
#(#...#.#.........######
#.##.##.######...##
#.##.##.# #.....#
#.......# ##...##
####.#### ##.##
#.......# #.# #.##.##@#
#.# # #.##.# #+# ..##.#
.####.# .. ..# #. .## ..
. ..


There were no monsters in sight!

Vanquished Creatures
  Natasha (D:2)
  Robin (D:2)
  2 adders (D:2)
  A ball python (D:1)
  A bat (D:1)
  3 goblins
  2 hobgoblins (D:1)
  A quokka (D:2)
  A frilled lizard (D:1)
13 creatures vanquished.

Vanquished Creatures (collateral kills)
  Jessica (D:2)
  Natasha (twice) (D:2)
  2 adders (D:2)
  2 dart slugs (D:1)
  3 endoplasms (D:1)
  2 giant cockroaches
  5 goblins
  5 hobgoblins
  3 jackals (D:1)
  A kobold (D:2)
  A ball python (D:1)
  6 bats
  A frilled lizard (D:2)
  3 rats
37 creatures vanquished.

Grand Total: 50 creatures vanquished

Notes
Turn   | Place    | Note
-------+----------+-------------------------------------------
     0 | D:1      | firemarshallily the Djinni Summoner began the quest for the
                  | Orb.
     0 | D:1      | Reached XP level 1. HP: 15/15 MP: 0/0
   395 | D:1      | Reached XP level 2. HP: 20/21 MP: 0/0
   478 | D:1      | Reached skill level 1 in Armour
   706 | D:1      | Reached XP level 3. HP: 18/25 MP: 0/0
   706 | D:1      | Learned a level 1 spell: Magic Dart
  1162 | D:1      | You are sucked into a shaft and drop 1 floor!
  1162 | D:2      | Noticed Jessica
  1183 | D:2      | Killed Jessica
  1184 | D:2      | Reached skill level 4 in Spellcasting
  1184 | D:2      | Reached XP level 4. HP: 19/31 MP: 0/0
  1801 | D:1      | Found a faded altar of an unknown god.
  1809 | D:1      | Prayed at the altar of an unknown god.
  1809 | D:1      | Became a worshipper of the Shining One
  1809 | D:1      | Reached * piety under the Shining One
  2191 | D:2      | Noticed Natasha
  2200 | D:2      | Killed Natasha
  2201 | D:2      | Reached XP level 5. HP: 25/35 MP: 0/0
  2201 | D:2      | Learned a level 2 spell: Passwall
  2212 | D:2      | Noticed Natasha
  2221 | D:2      | Killed Natasha
  2244 | D:2      | Noticed Natasha
  2254 | D:2      | HP: 1/35 [Natasha/puff of flame (2)]
  2581 | D:2      | Killed Natasha
  2764 | D:2      | Noticed Robin
  2786 | D:2      | Killed Robin
  2975 | D:2      | Reached XP level 6. HP: 35/40 MP: 0/0
  3243 | D:2      | Noticed Sigmund
  3302 | D:2      | HP: 1/40 [something (7)]
  3311 | D:2      | The Shining One protects you from harm!
  3314 | D:2      | Mangled by Sigmund

Illustrated notes

Levels and vault maps discovered:
D:1:      dpeg_arrival_tiny_f, layout_basic, ebering_ecumenical_altar_petrified,
          minmay_cut_off
D:2:      layout_loops_corners, uniq_sigmund, uniq_jessica, uniq_robin,
          uniq_natasha

Skill      XL: |  1  2  3  4 |
---------------+-------------+-----
Armour         | 1 2 |  2.8
Spellcasting   | 4 |  4.8
Dodging        | |  2.1
Stealth        | |  1.5

Action                   |  1- 3 |  4- 6 || total
-------------------------+-------+-------++-------
Melee: Unarmed           |    59 |    29 ||    88
       Punch             |     2 |       ||     2
       Rapier            |       |    10 ||    10
 Cast: Summon Small Mamm |    28 |    39 ||    67
       Call Imp          |     7 |     2 ||     9
       Magic Dart        |     2 |     2 ||     4
       Call Canine Famil |       |    10 ||    10
       Passwall          |       |     1 ||     1
       Summon Guardian G |       |     2 ||     2
  Use: Scroll            |       |     5 ||     5
Armor: Robe              |    20 |     8 ||    28
Dodge: Dodged            |    42 |    44 ||    86
